 Dungeon Crawl Stone Soup version 0.29-a0-632-g781b4ac09e (webtiles) character file.

Game seed: 6145855194727528419

31 BritishOli the Skirmisher (level 3, 0/29 HPs)
             Began as a Demonspawn Fighter on June 18, 2022.
             Slain by Terence
             ... wielding a +2 flail of protection
              (7 damage)
             ... on level 2 of the Dungeon.
             The game lasted 00:00:55 (787 turns).

BritishOli the Skirmisher (Demonspawn Fighter)       Turns: 787, Time: 00:00:56

Health: 0/29       AC: 10    Str: 18    XL:     3   Next: 7%
Magic:  3/3        EV: 14    Int:  9    God:
Gold:   39         SH:  4    Dex: 12    Spells: 2/2 levels left

rFire   . . .      SeeInvis .   a - +0 long sword
rCold   . . .      Faith    .   c - +0 buckler
rNeg    . . .      Spirit   .   b - +0 scale mail
rPois   .          Reflect  .   (no helmet)
rElec   .          Harm     .   (no cloak)
rCorr   .          Rampage  .   (no gloves)
Will    .....                   (no boots)
Stlth   ..........              (no amulet)
HPRegen 0.09/turn               e - +4 ring of protection
MPRegen 0.08/turn               (no ring)

@: agile
A: powered by pain 1
a: no special abilities


You were on level 2 of the Dungeon.
You visited 1 branch of the dungeon, and saw 2 of its levels.

You collected 39 gold pieces.

Inventory:

Hand Weapons
 a - a +0 long sword (weapon)
Armour
 b - a +0 scale mail (worn)
 c - a +0 buckler (worn)
Jewellery
 e - a +4 ring of protection (left hand)
Scrolls
 f - 2 scrolls of identify {unknown}
 g - a scroll of teleportation {unknown}
 h - 3 scrolls of fear {unknown}
Potions
 d - 2 potions of might
 i - a potion of mutation {unknown}


   Skills:
 + Level 3.3 Fighting
 + Level 2.2 Long Blades
 + Level 3.0 Armour
 + Level 3.0 Shields


You had 2 spell levels left.
You didn't know any spells.
Your spell library contained the following spells:

 Spells                   Type           Power      Damage    Failure   Level
 Necrotize                Necr           0%         1d4       86%         1
 Vampiric Draining        Necr           0%         2d6       99%         3
 Agony                    Necr           0%         N/A       100%        5


Dungeon Overview and Level Annotations

Branches:
Dungeon (1/15)

Altars:

Annotations:
D:2 Terence


Innate Abilities, Weirdness & Mutations

You sometimes gain a little power by taking damage.


Message History

Terence is nearby!
Terence is nearby!
You are too injured to fight recklessly!
You are too injured to fight recklessly!
Terence is nearby!
You barely miss Terence.
Terence hits you with a +2 flail of protection.
You closely miss Terence. Terence misses you.
You slash Terence!
Terence is heavily wounded.
Terence hits you but does no damage. Terence misses you.
You hit Terence but do no damage.
Terence is heavily wounded.
Terence hits you with a +2 flail of protection.
* * * LOW HITPOINT WARNING * * *
You hit Terence.
Terence is heavily wounded.
Terence closely misses you.
You completely miss Terence.
Terence is heavily wounded.
You block Terence's attack. x2
You hit Terence.
Terence is almost dead.
You block Terence's attack.
You closely miss Terence.
Terence is almost dead.
Terence barely misses you.
You hit Terence but do no damage.
Terence is almost dead.
Terence hits you with a +2 flail of protection.
* * * LOW HITPOINT WARNING * * *
Terence closely misses you.
You hit Terence but do no damage.
Terence is almost dead.
You block Terence's attack.
You closely miss Terence.
Terence is almost dead.
Terence screams, "I want your blood!"
Terence hits you with a +2 flail of protection!
You die...

# #... ....
..# # #..#
.# #.# ###.#
##..# ##.@.#
....##
###.@#
###...
####...##
#..
###....###
#..##.<.####
#....###
#.....#
##.##..#
######.# #.#
......## ...


You could see Terence.

Vanquished Creatures
  3 endoplasms (D:1)
  2 giant cockroaches
  5 goblins (D:1)
  3 hobgoblins
  2 jackals (D:2)
  A quokka (D:1)
  A ball python (D:1)
  3 bats
  4 frilled lizards (D:1)
  2 kobolds (D:1)
  3 rats (D:1)
29 creatures vanquished.

Notes
Turn   | Place    | Note
-------+----------+-------------------------------------------
     0 | D:1      | BritishOli the Demonspawn Fighter began the quest for the
                  | Orb.
     0 | D:1      | Reached XP level 1. HP: 18/18 MP: 1/1
   181 | D:1      | Gained mutation: You sometimes gain a little power by
                  | taking damage. [demonic ancestry]
   181 | D:1      | Reached XP level 2. HP: 13/24 MP: 2/2
   629 | D:1      | You fall into a shaft and drop 1 floor!
   648 | D:2      | Reached XP level 3. HP: 25/29 MP: 3/3
   773 | D:2      | Noticed Terence
   787 | D:2      | Slain by Terence

Illustrated notes

Levels and vault maps discovered:
D:1:      dpeg_arrival_lava_altar, layout_loops_ring, serial_shops,
          nicolae_shop_overgrown_old_shop, serial_forest,
          infiniplex_forest_straight_3, infiniplex_forest_lined_2,
          infiniplex_forest_straight_5, infiniplex_forest_end_3,
          infiniplex_forest_clump_curved, infiniplex_forest_zigzag_1,
          infiniplex_forest_clump_double, kennysheep_decorative_pillar,
          minmay_circled_x
D:2:      layout_rooms, uniq_jessica, uniq_terence

Skill      XL: |  1  2 |
---------------+-------+-----
Long Blades    | 2 |  2.2
Armour         | 3 |  3.0
Shields        | 3 |  3.0
Fighting       | |  3.3

Action                   || total
-------------------------++-------
Melee: Long sword        ||   102
Armor: Scale mail        ||    70
Dodge: Dodged            ||    47
Block: Buckler           ||    26

Table legend: (Time is in decaauts)
 A = Elapsed time spent in this place.
 B = Non-inter-level travel time spent in this place.
 C = Inter-level travel time spent in this place.
 D = Time resting spent in this place.
 E = Time spent auto-exploring this place.
 F = Levels seen in this place.
 G = Mean time per level.
                   A        B        C        D        E       F      G
               +--------+--------+--------+--------+--------+-----+--------+
         Total |    827 |    827 |      0 |      0 |    606 |   2 |  413.5 |
       Dungeon |    827 |    827 |      0 |      0 |    606 |   2 |  413.5 |
               +--------+--------+--------+--------+--------+-----+--------+

Top non-repeatable levels by time:
     D:1: 656 daAuts
     D:2: 170 daAuts
